 Dungeon Crawl Stone Soup version 0.23.2-40-g277498a001 (webtiles) character file.

Game seed: 8240629061893429941

21 Exodus22XD the Sneak (level 2, 0/11 HPs)
             Began as a Felid Enchanter on Aug 22, 2019.
             Slain by a worm (6 damage)
             ... on level 2 of the Dungeon.
             The game lasted 00:06:29 (1441 turns).

Exodus22XD the Sneak (Felid Enchanter)              Turns: 1441, Time: 00:06:29

Health: 0/11       AC:  1    Str:  4    XL:     2   Next: 62%
Magic:  4/6        EV: 18    Int: 16    God:
Gold:   90         SH:  4    Dex: 16    Spells: 4/5 levels left
                                        Lives:  0   Deaths: 0

rFire    . . .     SeeInvis +     - Unarmed
rCold    . . .     Gourm    .   (shield unavailable)
rNeg     . . .     Faith    .   (armour unavailable)
rPois    .         Spirit   .   (helmet unavailable)
rElec    .         Reflect  +   (cloak unavailable)
rCorr    .         Harm     .   (gloves unavailable)
MR       .....                  (boots unavailable)
Stlth    ++++......             k - +4 amulet of reflection
HPRegen  0.03/turn              (no ring)
MPRegen  0.10/turn              (no ring)

@: quick
A: very small, no armour, no weapons or thrown items, stealth, claws 1, fangs 3,
see invisible, carnivore, speed 1, shaggy fur 1, slow metabolism 1, sharp paws
a: no special abilities


You were on level 2 of the Dungeon.
You were full.

You visited 1 branch of the dungeon, and saw 2 of its levels.

You collected 90 gold pieces.

Inventory:

Jewellery
 k - a +4 amulet of reflection (around neck)
Scrolls
 c - 3 scrolls of identify {unknown}
 d - 2 scrolls of enchant weapon {unknown}
 e - a scroll of noise {unknown}
 f - a scroll of fog {unknown}
 g - a scroll of amnesia {unknown}
 h - a scroll of enchant armour {unknown}
 l - a scroll of immolation {unknown}
Potions
 a - a potion of degeneration {unknown}
 i - a potion of agility {unknown}
 j - a potion of might {unknown}
 m - a potion of cancellation {unknown}
Comestibles
 b - 2 rations


   Skills:
 - Level 2.6 Dodging
 - Level 5.5 Stealth
 * Level 1.0 Unarmed Combat
 - Level 2.0 Spellcasting
 - Level 4.4 Hexes


You had 4 spell levels left.
You knew the following spells:

 Your Spells              Type           Power        Failure   Level  Hunger
a - Corona                Hex            ###....      3%          1    #......

Your spell library contained the following spells:

 Spells                   Type           Power        Failure   Level  Hunger
 Confuse                  Hex            ###.....     11%         3    ###....
 Tukima's Dance           Hex            ###.....     11%         3    ###....
 Ensorcelled Hibernation  Hex/Ice        #.....       13%         2    ###....
 Dazzling Spray           Conj/Hex       #.....       26%         3    ###....


Dungeon Overview and Level Annotations

Branches:
Dungeon (2/15)

Altars:
Cheibriados
Xom


Innate Abilities, Weirdness & Mutations

You cannot wear armour.
You are incapable of wielding weapons or throwing items.
Your paws allow you to move quietly. (Stealth)
You have sharp claws.
You have razor-sharp teeth.
You have supernaturally acute eyesight. (SInv)
You are carnivorous and can eat meat at any time.
You cover ground quickly.
You are covered in fur. (AC +1)
You have a slow metabolism.
Your sharp claws are effective at attacking unaware monsters.


Message History

Found a chain mail.
A worm comes into view.
Casting: Corona (safe; 3% risk of failure)
Confirm with . or Enter, or press ? or * to list all spells.
Aiming: Corona (safe; 3% risk of failure)
Press: ? - help, Shift-Dir - straight line, f - worm
Aim: a worm (chance to defeat MR: 61%)
The worm struggles to resist.
The worm completely misses you.
Casting: Corona (safe; 3% risk of failure)
Confirm with . or Enter, or press ? or * to list all spells.
Aiming: Corona (safe; 3% risk of failure)
Press: ? - help, Shift-Dir - straight line, f/p - worm
Aim: a worm (chance to defeat MR: 61%)
The worm is outlined in light.
The worm bites you.
You scratch the worm but do no damage. You scratch the worm.
The worm is lightly wounded.
The worm bites you.
Ouch! That really hurt!
You die...

#.. #.# #.# #.# #.#
########+
##########.#####........
........................
########[..###..........
##..# #.#@....... #..#
#.#w...#... #..#
#.#....# ### ##.#
#.#...... #.. #..
#.###.###.. #.#####
#..##.#. .. . #.#...#
#..#... .#.
#.#...###..#..#####..
#.#..................


You could see a worm.

Vanquished Creatures
  A giant cockroach (D:2)
  2 goblins (D:1)
  3 hobgoblins (D:1)
  4 kobolds
  6 bats
  2 frilled lizards (D:1)
  A rat (D:1)
19 creatures vanquished.

Notes
Turn   | Place    | Note
-------+----------+-------------------------------------------
     0 | D:1      | Exodus22XD the Felid Enchanter began the quest for the Orb.
     0 | D:1      | Reached XP level 1. HP: 7/7 MP: 4/4
   553 | D:1      | Reached XP level 2. HP: 9/11 MP: 3/6
   576 | D:1      | Reached skill level 5 in Stealth
  1364 | D:2      | Found a snail-covered altar of Cheibriados.
  1370 | D:2      | Found a shimmering altar of Xom.
  1441 | D:2      | Slain by a worm

Skill      XL: |  1  2 |
---------------+-------+-----
Stealth        | 5 |  5.5
Dodging        | |  2.6
Unarmed Combat | |  1.0
Spellcasting   | |  2.0
Hexes          | |  4.4

Action                   || total
-------------------------++-------
Melee: Unarmed           ||    71
       Bite              ||     2
 Cast: Corona            ||    21
 Stab: Sleeping          ||     4
  Eat: Chunk             ||     6
Armor: Skin              ||     8
Dodge: Dodged            ||    70
Block: Other             ||     2
